Map: [ESL] Tropical Sacrifice

Players

ShoWTimE

  • Race: Protoss Protoss
  • Spawn Location: 7:00

HeroMarine - Winner!

  • Race: Terran Terran
  • Spawn Location: 1:00

Event: DreamHack SC2 Masters 2022 Atlanta (Online)

VOD

Have the link to the VOD?

Description

Time

  • Played on: Oct. 11, 2022, 11:43 a.m.
  • Length: 12:04

All games in this series

Show
View Real Time Build Order
Export as new Build Order

ShoWTimE Protoss 

Build Orders: 1 Gate Expand, Oracle Opening 

Get SALT Encoding   

  12  0:00  Probe  
  13  0:12  Probe  
  14  0:18  Pylon  
  14  0:24  Probe (Chrono Boost)  
  15  0:37  Probe (Chrono Boost)  
  15  0:38  Gateway  
  16  0:45  Probe (Chrono Boost)  
  16  0:46  Assimilator  
  17  0:52  Probe  
  18  1:04  Probe  
  19  1:16  Probe  
  20  1:23  Nexus  
  20  1:33  Cybernetics Core  
  20  1:37  Probe  
  21  1:43  Assimilator  
  21  1:49  Probe  
  21  1:52  Pylon  
  22  2:01  Probe  
  22  2:07  Adept (Chrono Boost)  
  23  2:13  Probe  
  26  2:17  Stargate  
  26  2:25  Probe  
  26  2:29  Adept (Chrono Boost)  
  27  2:32  Warp Gate  
  27  2:35  Probe  
  30  2:39  Shield Battery  
  30  2:42  Probe  
  31  2:47  Probe  
  32  2:52  Adept  
  32  2:54  Probe  
  35  2:59  Probe  
  35  3:04  Oracle (Chrono Boost)  
  39  3:06  Probe  
  40  3:14  Pylon  
  40  3:16  Probe  
  40  3:18  Probe  
  42  3:21  Adept  
  43  3:28  Probe  
  43  3:30  Probe  
  45  3:35  Gateway  
  45  3:41  Oracle (Chrono Boost), Probe  
  45  3:45  Probe  
  50  3:53  Probe, Pylon  
  51  3:58  Probe  
  52  4:08  Nexus  
  52  4:13  Probe x2  
  52  4:16  Pylon  
  54  4:25  Probe x2  
  54  4:28  Shield Battery  
  54  4:30  Stalker  
  58  4:33  Stalker  
  58  4:37  Assimilator  
  60  4:41  Shield Battery  
  60  4:51  Probe x2  
  61  4:54  Stalker  
  61  4:58  Stalker  
  65  5:03  Probe x2  
  67  5:15  Robotics Facility, Probe  
  67  5:17  Twilight Council, Probe  
  67  5:18  Assimilator  
  69  5:25  Probe  
  69  5:27  Probe  
  69  5:28  Sentry, Stalker  
  75  5:29  Probe  
  75  5:32  Pylon  
  76  5:37  Probe  
  76  5:39  Probe  
  76  5:41  Probe  
  79  5:46  Gateway  
  79  5:48  Gateway  
  79  5:49  Gateway, Probe  
  80  5:52  Pylon  
  80  5:53  Probe  
  80  5:54  Probe  
  80  5:55  Charge (Chrono Boost)  
  83  6:04  Observer (Chrono Boost)  
  83  6:05  Robotics Bay, Probe  
  83  6:06  Probe  
  83  6:07  Probe  
  86  6:13  Phoenix  
  86  6:15  Zealot x2  
  86  6:17  Probe  
  93  6:21  Pylon  
  93  6:26  Immortal (Chrono Boost)  
  93  6:30  Probe x2  
  96  6:35  Pylon  
  96  6:38  Phoenix  
  98  6:44  Zealot x3  
  98  6:45  Pylon  
  104  6:49  Shield Battery, Zealot  
  104  6:51  Zealot  
  104  6:53  Pylon  
  108  7:03  Phoenix  
  108  7:07  Zealot x3  
  116  7:11  Colossus (Chrono Boost)  
  121  7:16  Extended Thermal Lance  
  121  7:19  Zealot  
  121  7:20  Zealot  
  125  7:28  Phoenix  
  113  7:31  Zealot x3  
  113  7:33  Probe x3  
  116  7:38  Assimilator  
  116  7:42  Assimilator  
  116  7:43  Zealot x2  
  118  7:51  Probe x2, Pylon  
  118  7:54  Zealot x3  
  118  7:55  Colossus (Chrono Boost)  
  120  8:08  Zealot x2  
  120  8:10  Probe  
  115  8:14  Probe  
  116  8:22  Phoenix (Chrono Boost)  
  116  8:26  Zealot x3  
  124  8:27  Gateway  
  124  8:28  Gateway, Pylon  
  124  8:34  Gateway, Pylon  
  124  8:37  Zealot  
  124  8:38  Phoenix (Chrono Boost)  
  128  8:42  Observer  
  129  8:52  Zealot x4  
  135  8:58  Pylon  
  135  8:59  Phoenix (Chrono Boost), Pylon  
  137  9:10  Zealot  
  137  9:13  Phoenix (Chrono Boost), Templar Archives  
  137  9:14  Colossus (Chrono Boost)  
  147  9:18  Observer  
  147  9:19  Zealot x3  
  153  9:24  Zealot x2  
  153  9:27  Pylon  
  157  9:37  Pylon  
  157  9:43  Pylon  
  157  9:45  Phoenix (Chrono Boost), Pylon  
  159  9:55  Warp Prism, High Templar x5  
  159  9:56  High Templar  
  159  9:58  Pylon  
  159  9:59  Archon x2  
  173  10:00  Archon  
  173  10:07  Phoenix (Chrono Boost)  
  173  10:14  Nexus  
  175  10:16  Pylon  
  175  10:19  Zealot x2, Forge  
  179  10:25  Phoenix  
  155  10:42  Zealot x5  
  155  10:43  Zealot x3  
  171  10:50  Phoenix  
  171  10:56  Observer  
  150  11:04  Stalker x8  
  103  11:26  Disruptor (Chrono Boost)  
  103  11:30  Robotics Facility  
  98  11:33  Zealot, Stalker x6  
  98  11:35  Sentry  
  114  11:49  Shield Battery  
  106  11:59  Zealot x6  
Show
View Real Time Build Order
Export as new Build Order

HeroMarine Terran - Winner!

Build Orders:  

Get SALT Encoding   

  12  0:00  SCV  
  13  0:12  SCV  
  14  0:17  Supply Depot  
  14  0:24  SCV  
  15  0:39  SCV  
  15  0:40  Barracks  
  16  0:44  Refinery  
  16  0:51  SCV  
  16  0:54  Refinery  
  17  1:03  SCV  
  18  1:15  SCV  
  19  1:22  Supply Depot  
  19  1:27  Reaper  
  19  1:29  Orbital Command  
  20  1:43  Factory  
  20  1:55  SCV  
  20  1:59  Reaper  
  22  2:07  SCV  
  23  2:19  SCV  
  24  2:23  Command Center  
  24  2:31  Hellion, SCV  
  24  2:33  Barracks Reactor  
  27  2:43  SCV  
  28  2:44  Supply Depot  
  28  2:53  Widow Mine  
  28  2:54  Starport  
  28  2:56  SCV  
  31  3:09  SCV  
  31  3:11  Marine x2  
  34  3:19  Factory Tech Lab  
  34  3:21  SCV  
  35  3:31  Medivac  
  35  3:33  SCV  
  38  3:35  Orbital Command  
  38  3:38  Cyclone  
  39  3:45  SCV, Marine x2  
  42  3:57  SCV  
  42  3:59  Barracks  
  42  4:01  Viking  
  45  4:04  SCV  
  45  4:05  Marine  
  45  4:07  Marine  
  45  4:09  SCV  
  49  4:13  Siege Tank  
  53  4:19  Supply Depot  
  53  4:21  SCV x2  
  54  4:27  Barracks  
  54  4:32  Supply Depot  
  54  4:41  Viking, SCV x2  
  58  4:50  Barracks Tech Lab  
  58  4:51  Siege Tank, Marine  
  62  4:53  Marine  
  62  4:54  SCV x2  
  61  5:06  SCV x2  
  62  5:09  Marine  
  62  5:11  Marine  
  62  5:12  Stimpack, Marine  
  65  5:18  SCV x2  
  67  5:22  Refinery  
  67  5:26  Engineering Bay  
  67  5:27  Marine  
  68  5:29  Marine  
  68  5:33  Combat Shield  
  70  5:39  Marine  
  70  5:40  Supply Depot, Starport Reactor  
  70  5:42  Supply Depot  
  70  5:44  Supply Depot, Refinery  
  70  5:47  Factory Reactor  
  70  5:54  Supply Depot  
  70  5:59  Marine  
  70  6:01  Marine  
  70  6:02  SCV x2, Marauder x2  
  77  6:09  Terran Infantry Weapons Level 1  
  77  6:14  SCV x2  
  77  6:17  Marine  
  80  6:18  Missile Turret  
  80  6:19  Marine  
  80  6:20  Medivac  
  80  6:24  Marauder x2  
  87  6:31  Medivac  
  89  6:35  Supply Depot, Widow Mine x2, Marine  
  89  6:37  Marine  
  95  6:45  Supply Depot, SCV, Marauder x2  
  100  6:48  SCV  
  100  6:52  Concussive Shells  
  100  6:53  Marine  
  102  6:57  Medivac  
  102  6:58  Supply Depot, Widow Mine  
  102  6:59  Widow Mine  
  108  7:04  Marine  
  108  7:07  Marauder  
  111  7:09  Supply Depot  
  111  7:15  Marauder  
  113  7:16  Marine  
  113  7:22  Marine  
  117  7:23  Widow Mine x2  
  105  7:32  Marauder  
  105  7:36  Marauder  
  109  7:39  SCV  
  109  7:43  Medivac x2  
  115  7:44  Widow Mine x2  
  116  7:53  Marauder  
  116  7:56  Marine x2  
  116  7:58  Marauder  
  122  8:00  SCV x2  
  91  8:15  Marauder  
  91  8:17  Command Center, Marine x2  
  91  8:19  Marauder  
  97  8:21  Terran Infantry Armor Level 1  
  97  8:31  Widow Mine x2  
  97  8:33  Medivac  
  103  8:35  Marine  
  103  8:36  Medivac, Marauder  
  103  8:40  Marine  
  103  8:41  Marauder  
  111  8:45  SCV  
  111  8:46  SCV  
  113  8:53  Marine  
  114  8:57  Marauder  
  114  8:58  SCV x2  
  114  9:00  Barracks  
  114  9:01  Barracks  
  118  9:06  Starport  
  118  9:08  Viking  
  118  9:09  Viking  
  122  9:10  Factory Reactor  
  122  9:12  Marauder  
  122  9:14  SCV  
  122  9:15  SCV  
  122  9:16  Marine  
  127  9:18  Marine  
  130  9:24  Marauder  
  132  9:33  Marauder  
  132  9:40  Viking x2  
  132  9:42  Viking  
  132  9:44  Viking  
  138  9:50  Orbital Command  
  138  9:52  Barracks Tech Lab  
  138  9:54  Marauder  
  138  9:56  Marauder  
  140  10:03  Supply Depot  
  140  10:13  Viking x2  
  144  10:15  Marauder  
  144  10:18  Marauder  
  144  10:19  Viking x2  
  144  10:21  Marauder  
  154  10:23  Marine x3  
  138  10:43  Viking x2, Marauder  
  138  10:44  Marauder, Marine x2  
  138  10:48  Marine  
  138  10:49  Viking  
  151  10:51  Marauder, Marine  
  151  10:53  Viking  
  155  11:02  Marine, Orbital Command  
  145  11:05  Marauder  
  145  11:08  Marauder, Marine x2  
  145  11:11  Marine  
  104  11:36  Marine  
  104  11:37  Marine  
  104  11:38  Marine  
  110  11:40  Marine  
  110  11:41  Marine  
  110  11:42  Marine  
  110  11:44  Marine  
Tags
 
Add a new tag
Caveats
  • Supply blocks, unpowered buildings, or Contaminate may cause inaccurate times.
  • Supply counts are checked every 10 seconds.